Cogmind - Beta 16.1 @@@ ROGUE MODE // 2026.04.25 @ 03:01:33 Player: cbulman Result: Destroyed by JR-Y18(R) with Subdweller Laser Performance ------------- Evolutions (0) 0 Regions Visited (2) 400 Robots Destroyed (13) 65 Value Destroyed (309) 309 Prototype IDs (0) 0 Alien Tech Used (0) 0 Bonus (0) 0 TOTAL SCORE: 774 Bonus ------- None Cogmind --------- Core Integrity 0/250 Matter 290/300 Energy 280/325 System Corruption 0% Temperature Cool (6) Movement Walking (190) Ox1 Location -10/Subcaves Parts ------- > --- POWER (1) -------- Light Ion Engine > --- PROPULSION (2) --- Aluminum Leg > --- UTILITY (2) ------ Small Storage Unit Large Battery > --- WEAPON (2) ------- Small Laser Beam Cannon > --- INVENTORY (8) ---- Light Ion Engine Light Ion Engine Scrap Shield Small Laser Small Laser Datajack Peak State ------------ > --- POWER ------------ Ion Engine > --- PROPULSION ------- Light Treads Light Treads > --- UTILITY ---------- Small Storage Unit Large Battery > --- WEAPON ----------- Small Laser Assault Rifle > --- INVENTORY -------- Light Ion Engine Aluminum Leg Aluminum Leg Small Laser Datajack [Rating: 7] Favorites ----------- Power Ion Engine Engine Ion Engine Propulsion Aluminum Leg Treads Light Treads Leg Aluminum Leg Utility Small Storage Unit Storage Small Storage Unit Weapon Small Laser Energy Gun Small Laser Energy Cannon Beam Cannon Ballistic Gun Assault Rifle Special Melee Weapon Datajack Build | -11 -10 -10 ------- Run | Yrd Mat Sub Slots Evolved . | . . . Power . | . . . Propulsion . | . . . Utility . | . . . Weapon . | . . . Parts Attached 16 | 6 9 1 Power 2 | 1 . 1 Engine 2 | 1 . 1 Core . | . . . Reactor . | . . . Propulsion 4 | 2 2 . Treads 2 | 2 . . Leg 2 | . 2 . Wheel . | . . . Hover . | . . . Flight . | . . . Utility 4 | 1 3 . Device . | . . . Storage 4 | 1 3 . Processor . | . . . Hackware . | . . . Protection . | . . . Artifact . | . . . Weapon 6 | 2 4 . Energy Gun 3 | 1 2 . Energy Cannon 1 | . 1 . Ballistic Gun 1 | 1 . . Ballistic Cannon . | . . . Launcher . | . . . Special Weapon . | . . . Impact Weapon . | . . . Slashing Weapon . | . . . Piercing Weapon . | . . . Special Melee Weapon 1 | . 1 . Unidentified Prototypes . | . . . Parts Lost 2 | . 2 . Power 1 | . 1 . Propulsion 1 | . 1 . Utility . | . . . Weapon . | . . . Highest Loss Streak 2 | . 2 . To Critical Strikes . | . . . Average Backups 4 | 3 4 6 Power 2 | . 2 2 Propulsion . | 1 . . Utility . | . . . Weapon 1 | 1 . 2 Tool/Special . | . . . Unused Backups 3 | . . 3 Power 2 | . . 2 Propulsion . | . . . Utility 1 | . . 1 Weapon . | . . . Tool/Special . | . . . Average Slot Usage (%) 89 | . 95 71 Engine 9 | . 12 . Treads 5 | . 7 . Leg 17 | . 19 14 Storage 27 | . 27 28 Energy Gun 20 | . 22 14 Energy Cannon 3 | . . 14 Ballistic Gun 2 | . 3 . Peak Build Rating 7 | 6 7 6 Average Rating 6 | 3 6 5 On Entrance 3 | . 6 5 Avg Prop Armor Cover (%) . | . . . Naked Turns . | . . . Heaviest Build 90 | 13 90 12 Greatest Support 40 | 40 40 10 Greatest Overweight (x) 4 | 3 4 1 Average Overweight (x) . | . . 1 Largest Inventory Capacity 25 | 8 25 8 Average Capacity 9 | 7 9 8 Most Carried 8 | 8 7 8 Average Carried 4 | 3 4 7 Final Capacity 8 | 8 8 8 Final Carried 7 | 4 6 7 Class Distribution -------------------- 100% | Mutant Dominant Class ---------------- Mutant | -10/Materials Mutant | -10/Subcaves Resources | -11 -10 -10 ----------- Run | Yrd Mat Sub Matter Collected 374 | 243 131 . Remotely . | . . . Salvage Created 402 | . 402 . Parts 25 | . 25 . Haulers Intercepted . | . . . Recyclers Shooed . | . . . Parts Field Recycled . | . . . Retrieved Matter . | . . . Parts Self-Destructed . | . . . Prevented . | . . . Parts Restored . | . . . Kills | -11 -10 -10 ------- Run | Yrd Mat Sub Combat Hostiles Destroyed 9 | . 9 . Guns 9 | . 9 . Classes Destroyed 4 | . 4 . Worker 1 | . 1 . Watcher 3 | . 3 . Swarmer 3 | . 3 . Grunt 6 | . 6 . Best Kill Streak 5 | . 5 . Combat Bots Only 3 | . 3 . Max Kills in Single Turn 1 | . 1 . Gunslinging . | . . . Exploded . | . . . Melee . | . . . Uniques/NPCs Destroyed . | . . . Combat | -11 -10 -10 -------- Run | Yrd Mat Sub Hostile Shots Fired 73 | . 57 16 Missed 15 | . 12 3 Hits 58 | . 45 13 Projectile 58 | . 45 13 Critical Strikes 2 | . 2 . Damage Taken 799 | . 527 272 Core 262 | . 116 146 Absorbed by Shields . | . . . Core Remaining (%) 100 | 100 . . Volleys Fired 47 | . 42 5 Largest 2 | . 2 2 Hottest 100 | . 80 100 Shots Fired 85 | . 75 10 Gun 80 | . 75 5 Cannon 5 | . . 5 Launcher . | . . . Special . | . . . Kinetic 13 | . 13 . Thermal 72 | . 62 10 Explosive . | . . . Electromagnetic . | . . . Robot Hit Streak 12 | . 12 11 Robot Miss Streak 8 | . 8 . Penetration Max . | . . . Secondary Targets 2 | . 2 . Max Gunslinging Chain 1 | . 1 . Shots Hit Robots 58 | . 48 10 Core Hits 25 | . 23 2 Critical Kills . | . . . Critical Parts Destroyed . | . . . Critical Strikes . | . . . Melee Attacks 2 | . 2 . Impact . | . . . Slashing . | . . . Piercing . | . . . Sneak Attacks . | . . . Combat Hostiles . | . . . Follow-up Attacks . | . . . Damage Inflicted 699 | . 557 142 Guns 603 | . 547 56 Cannons 86 | . . 86 Explosions . | . . . Melee . | . . . Ramming 10 | . 10 . Kinetic 136 | . 136 . Thermal 553 | . 411 142 Explosive . | . . . Electromagnetic . | . . . Impact . | . . . Slashing . | . . . Piercing . | . . . Highest Corruption . | . . . Average Corruption . | . . . Corruption Purged . | . . . Corruption Blocked . | . . . Overload Shots . | . . . Overflow Damage . | . . . Projectiles . | . . . Explosions . | . . . Melee . | . . . Knockbacks . | . . . Impact . | . . . Kinetic . | . . . Secondary . | . . . Self-Inflicted Damage . | . . . Shots . | . . . Rammed 1 | . 1 . Targets Rammed 3 | . 3 . Kicked 2 | . 2 . Crushed . | . . . Highest Temperature 240 | . 240 . Average Temperature 67 | . 67 . Received Heat Transfer 339 | . 291 48 Siege Activations . | . . . Martial Activations . | . . . Shielding Activations . | . . . Robots Disrupted . | . . . Combat Hostiles . | . . . Robots Corrupted . | . . . Combat Hostiles . | . . . Parts Fried . | . . . Impact Corruptions . | . . . Robots Melted . | . . . Combat Hostiles . | . . . Parts Melted 1 | . 1 . Heat Transferred 1235 | . 925 310 Parts Sabotaged . | . . . Parts Stolen . | . . . Parts Stripped . | . . . Power Chain Reactions . | . . . Alert | -11 -10 -10 ------- Run | Yrd Mat Sub Maximum Alert Level . | . . . Low Security (%) 100 | 100 100 . Level 1 . | . . . Level 2 . | . . . Level 3 . | . . . Level 4 . | . . . Level 5 . | . . . High Security . | . . . Max Security . | . . . Peak Influence 112 | . 112 . Initial . | . . . Average 34 | . 39 . Influence Increases 250 | . 250 . Destroy 0b10 Robot/C 180 | . 180 . Destroy 0b10 Robot/NC 20 | . 20 . Destroy Leader 46 | . 46 . Successful Hack 4 | . 4 . Influence Decreases 250 | . 216 34 Entered New Map 17 | . . 17 Time Decay 233 | . 216 17 Squads Dispatched 1 | . 1 . Investigation . | . . . Extermination . | . . . Reinforcement 1 | . 1 . Assault . | . . . Garrison . | . . . Intercept . | . . . Searches Triggered . | . . . Construction Impeded . | . . . Haulers Reinforced . | . . . Active Scanning Responses . | . . . Cargo Convoy Interrupts . | . . . Stealth | -11 -10 -10 --------- Run | Yrd Mat Sub Distress Signals . | . . . Communications Jammed . | . . . Distress Signals . | . . . Times Spotted 23 | . 15 8 Peak Tracking Total 6 | . 3 6 Tactical Retreats . | . . . Traps | -11 -10 -10 ------- Run | Yrd Mat Sub Traps Triggered 2 | . 2 . Indirectly . | . . . Trap Hack Attempts . | . . . Triggered . | . . . Disarmed . | . . . Reprogrammed . | . . . Reused . | . . . Traps Extracted . | . . . Installed . | . . . Triggered . | . . . Machines | -11 -10 -10 ---------- Run | Yrd Mat Sub Machines Disabled . | . . . Max in Single Turn . | . . . Machines Repaired . | . . . Machines Dismantled . | . . . Machines Sabotaged . | . . . Overloaded Fab Kills . | . . . Hacking | -11 -10 -10 --------- Run | Yrd Mat Sub Machines Accessed 2 | . 2 . Terminals 2 | . 2 . Fabricators . | . . . Repair Stations . | . . . Recycling Units . | . . . Scanalyzers . | . . . Garrison Access . | . . . Total Hacks 2 | . 2 . Successful 1 | . 1 . Failed 1 | . 1 . Catastrophic . | . . . Database Lockouts . | . . . Manual . | . . . Terminals 2 | . 2 . Fabricators . | . . . Repair Stations . | . . . Recycling Units . | . . . Scanalyzers . | . . . Garrison Access . | . . . Terminal Hacks 1 | . 1 . Dispatch Records 1 | . 1 . Fabricator Hacks . | . . . Repair Station Hacks . | . . . Recycling Unit Hacks . | . . . Scanalyzer . | . . . Garrison Access Hacks . | . . . Unauthorized Hacks . | . . . Terminals . | . . . Fabricators . | . . . Repair Stations . | . . . Recycling Units . | . . . Scanalyzers . | . . . Garrison Access . | . . . Data Cores Recovered . | . . . Used . | . . . Hacking Detections 1 | . 1 . Full Trace Events . | . . . Feedback Events . | . . . Feedback Blocked . | . . . Robot Schematics Acquired . | . . . Robots Built . | . . . Authchips . | . . . Time . | . . . Total Robot Build Rating . | . . . Part Schematics Acquired . | . . . Parts Built . | . . . Authchips . | . . . Time . | . . . Total Part Build Rating . | . . . Part Studies Acquired . | . . . Parts Repaired . | . . . Time . | . . . Parts Recycled . | . . . Recycled Matter . | . . . Retrieved Matter . | . . . Retrieved Components . | . . . Parts Scanalyzed . | . . . Part Schematics Acquired . | . . . Parts Damaged . | . . . Bothacking | -11 -10 -10 ------------ Run | Yrd Mat Sub Used RIF Installer . | . . . Robots Hacked 2 | . 2 . Non-combat . | . . . Combat 2 | . 2 . Robot Hacks Applied 2 | . 2 . parse_system 2 | . 2 . Relay Couplers Released . | . . . Fabnet Peak Effective % . | . . . Robots Rewired . | . . . Allies Hacked . | . . . Hacks Repelled . | . . . Allies | -11 -10 -10 -------- Run | Yrd Mat Sub Total Allies . | . . . Largest Group . | . . . Highest-Rated Group . | . . . Highest-Rated Ally . | . . . Total Orders . | . . . Ally Attacks . | . . . Total Damage . | . . . Kills . | . . . Allies Corrupted . | . . . Allies Melted . | . . . Intel | -11 -10 -10 ------- Run | Yrd Mat Sub Active Infowar (turns) . | . . . Robot Analysis Total . | . . . Derelict Logs Recovered 1 | . . 1 Drone Launches . | . . . Drone Recoveries . | . . . Exploration | -11 -10 -10 ------------- Run | Yrd Mat Sub Turns Passed 849 | 88 596 165 Spaces Moved 438 | 49 312 77 Core 24 | 24 . . Treads 97 | 25 72 . Legs 317 | . 240 77 Wheels . | . . . Hover . | . . . Flight . | . . . Fastest Speed 50 | 50 120 190 Average Speed 150 | 150 141 190 Slowest Speed 400 | 200 400 190 Overloaded Moves . | . . . Propulsion Burnouts . | . . . Robots Hopped . | . . . Potential Cave-ins . | . . . Cave-ins Triggered . | . . . Exploration Rate (%) 18 | 4 44 7 Regions Visited 2 Branch Regions 1 Pre-discovered Areas 1 | . . 1 Known Exits Taken . | . . . Unknown Exits Taken 2 | 1 1 . Scrap Searched . | . . . Spaces Dug . | . . . Terrain Destroyed . | . . . Melee . | . . . Projectile . | . . . AOE . | . . . Terrain Rammed . | . . . Walls Destroyed . | . . . Machines Disabled . | . . . Actions | -11 -10 -10 --------- Run | Yrd Mat Sub Total 547 | 64 395 88 Wait 16 | . 12 4 Move 436 | 48 311 77 Hop . | . . . Pick Up 20 | 10 9 1 Fast Attach . | . . . Attach 16 | 6 9 1 Detach 3 | . 3 . Swap . | . . . Drop 4 | . 4 . Fire 47 | . 42 5 Melee 2 | . 2 . Ram . | . . . Kick 2 | . 2 . Crush 1 | . 1 . Escape Stasis . | . . . Rewire . | . . . Trap . | . . . Miscellaneous . | . . . Route ------- -11/Scrapyard -10/Materials (discovered 3 exits: [*Mat] / [*Min] / [*Sub]) -10/Subcaves History --------- Turn | Location | Event 5 | -11/Scrapyard | Discovered new exit (range 16) 89 | -11/Scrapyard | Entered Materials 306 | -10/Materials | Build established: Mutant 353 | -10/Materials | Discovered new exit (range 13) 413 | -10/Materials | Discovered new exit (range 15) 676 | -10/Materials | Discovered new exit (range 6) 685 | -10/Materials | Entered Subcaves 709 | -10/Subcaves | Learned location of Zion (-7) 811 | -10/Subcaves | Ambushed by swarm of Subdwellers 816 | -10/Subcaves | Ambushed by Subdwellers from Twisted Machinery 819 | -10/Subcaves | Core integrity fell below 50% 845 | -10/Subcaves | Core integrity fell below 20% 850 | -10/Subcaves | Destroyed by JR-Y18(R) with Subdweller Laser Last Messages --------------- in secret down here, seen anything like that?" DX-ZG3(h) drops a Scrap Shield: "Protect yourself with this!" Acquired Scrap Shield. Acquired derelict log, extracted data. World map updated: -7/Zion. A mess of Twisted Machinery falls from the cavern ceiling. GT-J3U(R) comes tumbling into view. DX-ZG3(h): "The Subs are coming!" HV Slug penetrates GT-J3U(R). GT-J3U(R) suffers critical hit (Destroy). OF-VGJ(R) emerges from the Twisted Machinery. G2-LJA(R) emerges from the Twisted Machinery. GT-J3U(R) destroyed. E8-VQ3(R) angrily emerges from the Twisted Machinery. G2-LJA(R) suffers critical hit (Burn). HV Slug penetrates G2-LJA(R). G2-LJA(R) destroyed. Map ----- +----------------------------------------------------+ | ?????????????????????????????????????????????????? | | ?????????????????????????????????????????????????? | | ?????????????????????????????????????????????????? | | ?????????????????????????????????????????????????? | | ?????????????????????????????????????????????????? | | ?????????????????????????????????????????????????? | | ????????????????????????????######???????????????? | | ????????????????????????????# #???????????????? | | ????????????????????????????# "##??????????????? | | ????????????????????????????# ""####?###???????? | | ????????????????????????????# "%%[ ### ##??????? | | ????????????????????????????# !&*%! ######?? | | ????????????????????????????# =!] ## ## ##? | | ???????????????????????????## % #?# % ## | | ??????????????????????????## #?# | | ????????????????????????### #### | | ???????????????????????## ### | | ??????????????????????## #"# ## % % | | ??????????????????????# R##### # | | ??????????????????????#RR##??### ## ## | | ??????????????????????# ##??## # % ### | | ??????????????????????# #??# ##% ## | | ?????????????????????## ## ## ##? | | ?????????????????????# ## ## ## #?? | | ?????????????????????# ### ### % ### % #?? | | ?????????????????????# @ #??## ##?# ##?? | | ?????????????? #??#####??# ##??? | | ?????????? #### ##?????????# #???? | | ?????????? ## ###????#??????????####???? | | ??????????#?????########?????????????????????????? | | ?????????????????????????????????????????????????? | | ?????????????????????????????????????????????????? | | ?????????????????????????????????????????????????? | | ?????????????????????????????????????????????????? | | ?????????????????????????????????????????????????? | | ?????????????????????????????????????????????????? | | ?????????????????????????????????????????????????? | | ?????????????????????????????????????????????????? | | ?????????????????????????????????????????????????? | | ?????????????????????????????????????????????????? | | ?????????????????????????????????????????????????? | | ?????????????????????????????????????????????????? | | ?????????????????????????????????????????????????? | | ?????????????????????????????????????????????????? | | | | | | | | | | | | | +----------------------------------------------------+ Best States ------------- Heat Dissipation 25 Energy Generation 10 Energy Capacity 450 Matter Stores 300 Matter Capacity 300 Sight Range 16 Terrain Scan Density 10 Evasion (%) 55 Recoil Reduction 2 Item Schematics ----------------- None Robot Schematics ------------------ None Fabricated ------------ Nothing Repaired ---------- Nothing Studied --------- None Alien Tech Used ----------------- None Achievements -------------- Ghost 'Em Challenges ------------ None Game ------ Seed BoltCloakSource Manual? 0 Play Time 00:14:16 Cumulative 7.5 hours Start 2026.04.25 @ 02:48:43 End 2026.04.25 @ 03:01:33 Sessions 1 Manual Loads 0 Difficulty Rogue Special Mode None Game No. 8 Rogue 8 Adventurer 0 Explorer 0 Win Type - Total 0 Types 0/0/0/0/0/0/0/0/0/0 Lore% 1 Gallery% 9 Achievement% 8 Wizard Run 0 Options --------- Layout 1 ASCII 0 Keyboard 0 Movement Mouse Keybinds 0 Fullscreen 1 Font 24/Proggy Map View 50x35 Zoom Use 0% Tactical HUD 0 Map Filters NONE Filters NONE Steam 1 RUN: 99e961eb-35b5-4c55-a2fa-9f67e04504f3